Map: Automaton LE

Players

ParkwayDMD

  • Race: Zerg Zerg
  • League: Platinum
  • Spawn Location: 9:00

A.I. 1 (Very Easy) - Winner!

  • Race: Terran Terran
  • Spawn Location: 3:00

VOD

Have the link to the VOD?

Description

Time

  • Played on: May 15, 2019, 9:31 a.m.
  • Length: 6:27
Show
View Real Time Build Order
Export as new Build Order

ParkwayDMD Zerg 

Build Orders: Pool First 

Get SALT Encoding   

  12  0:18  Spawning Pool  
  11  0:23  Drone  
  11  0:28  Drone  
  13  0:32  Drone  
  14  0:41  Overlord  
  14  1:07  Zergling x6  
  17  1:18  Zergling x2  
  18  1:24  Hatchery  
  17  1:29  Zergling x2  
  18  1:39  Zergling x2  
  19  1:47  Queen  
  19  1:51  Drone  
  22  1:56  Extractor  
  21  2:01  Overlord  
  21  2:11  Drone  
  22  2:23  Queen  
  22  2:24  Drone  
  25  2:33  Drone  
  25  2:36  Drone  
  27  2:44  Queen  
  27  2:50  Drone  
  30  2:55  Drone  
  31  2:58  Drone  
  31  3:03  Drone  
  31  3:05  Drone  
  34  3:15  Overlord  
  34  3:20  Overlord  
  34  3:29  Lair  
  34  3:32  Drone  
  35  3:34  Drone  
  36  3:45  Drone x3  
  36  3:47  Drone  
  40  4:05  Evolution Chamber  
  40  4:06  Roach Warren, Evolution Chamber  
  37  4:12  Drone x2, Extractor  
  37  4:13  Drone  
  37  4:15  Drone  
  40  4:22  Drone x2  
  42  4:24  Drone  
  42  4:26  Drone  
  44  4:32  Zerg Missile Weapons Level 1  
  44  4:34  Drone  
  45  4:42  Drone  
  45  4:43  Drone  
  47  4:48  Glial Reconstitution  
  47  4:50  Drone x2  
  47  4:51  Drone  
  50  4:55  Overlord  
  50  5:00  Overlord  
  50  5:08  Roach  
  52  5:19  Roach x6  
  64  5:22  Overlord  
  64  5:27  Roach  
  64  5:28  Roach  
  68  5:37  Overlord  
  68  5:41  Roach x2  
  72  5:45  Roach x2  
  72  5:47  Overlord  
  76  5:50  Overlord  
  76  5:55  Roach  
  76  5:56  Roach x2  
  82  5:59  Extractor  
  82  6:00  Roach  
  82  6:02  Drone  
Show
View Real Time Build Order
Export as new Build Order

A.I. 1 (Very Easy) Terran - Winner!

Build Orders:  

Get SALT Encoding   

  12  0:00  SCV  
  13  0:13  SCV  
  14  0:19  Supply Depot  
  14  0:40  Refinery  
  14  0:45  Barracks  
  14  1:06  Supply Depot  
  14  1:14  Refinery  
  14  1:31  SCV  
  14  1:32  Marine  
  16  1:44  SCV  
  17  1:56  SCV  
  18  2:02  Marine  
  18  2:08  SCV  
  20  2:20  SCV  
  21  2:32  Marine, SCV  
  23  2:44  Orbital Command  
  23  5:38  Marine, SCV  
  23  5:40  Supply Depot  
  23  5:42  Factory  
  25  6:02  SCV  
  26  6:05  Supply Depot  
  26  6:12  Barracks Tech Lab  
  26  6:14  SCV  
Tags
 
League
Platinum
Matchup
TvZ
Opening
Pool First
Spawn Locations
Cross Positions
Add a new tag
Caveats
  • Supply blocks, unpowered buildings, or Contaminate may cause inaccurate times.
  • Supply counts are checked every 10 seconds.